 Dungeon Crawl Stone Soup version 0.29.1-15-g9cfb28693d (webtiles) character file.

Game seed: 4935590964066751916

1055 Ezendos the Caller (level 8, -5/105 HPs)
             Began as a Meteoran Summoner on Mar 26, 2023.
             Was an Initiate of Ru.
             Killed from afar by a white imp (11 damage)
             ... with a puff of frost
             ... on level 4 of the Dungeon.
             The game lasted 00:20:14 (2781 turns).

Ezendos the Caller (Meteoran Summoner)              Turns: 2781, Time: 00:20:14

Health: -5/105     AC: 24    Str: 18 (19) XL:     8   Next: 80%
Magic:  13/15      EV: -1    Int: 14 (16) God:    Ru [......]
Gold:   160        SH:  0    Dex: 16 (18) Spells: 5/15 levels left

rFire   . . .      SeeInvis .   h - +3 dagger (venom)
rCold   . . .      Faith    .   (no shield)
rNeg    . . .      Spirit   .   (body armour currently unavailable)
rPois   +          Reflect  .   (helmet currently unavailable)
rElec   .          Harm     .   (cloak currently unavailable)
rCorr   .          Rampage  .   (gloves currently unavailable)
Will    +....      Rage     3%  (boots currently unavailable)
Stlth   +......... NoTele   +   (no amulet)
HPRegen 0.27/turn               u - +6 ring of strength
MPRegen 0.14/turn               x - +4 ring of evasion

@: tree-form, hasted, glowing, constricted, invisible (but backlit and visible),
unable to read, very quick
A: stationary, stasis, torment immunity, boosted hp, sense surroundings 1,
otherworldly, glowing, explore regen, agile 1, berserk 1, strong 1, inability to
read after injury 1
a: Renounce Religion


You were on level 4 of the Dungeon.
You worshipped Ru.
Ru was noncommittal.
You were a tree.
You visited 1 branch of the dungeon, and saw 6 of its levels.

You collected 261 gold pieces.
You spent 101 gold pieces at shops.

Inventory:

Hand Weapons
 h - a +3 dagger of venom (weapon)
Missiles
 A - 2 throwing nets
Armour
 a - a +0 robe (melded)
 f - a +1 pair of gloves (melded)
 i - a scarf of resistance (melded)
 p - a +1 cloak
 w - a +2 hat (melded)
Magical Staves
 d - a staff of earth
 m - a staff of death
Jewellery
 l - a ring of fire
 u - a +6 ring of strength (left branch)
 x - a +4 ring of evasion (right branch)
Scrolls
 o - 3 scrolls of teleportation
 r - a scroll of amnesia
 s - a scroll of enchant weapon
 t - a scroll of fear {unknown}
 v - a scroll of poison
 y - a scroll of immolation {unknown}
Potions
 b - a potion of magic
 e - 2 potions of might
 j - a potion of resistance {unknown}
 n - a potion of flight {unknown}
 q - a potion of haste


   Skills:
 * Level 5.8 Fighting
 - Level 4.0 Dodging
 - Level 3.0 Stealth
 - Level 4.0 Spellcasting
 + Level 6.5 Summonings
 + Level 3.0 Air Magic
 - Level 4.0 Evocations


You had 5 spell levels left.
You knew the following spells:

 Your Spells              Type           Power      Damage    Failure   Level
a - Summon Small Mammal   Summ           84%        N/A       1%          1
b - Call Imp              Summ           21%        N/A       1%          2
c - Call Canine Familiar  Summ           21%        N/A       4%          3
d - Summon Lightning Spi  Summ/Air       16%        N/A       26%         4

Your spell library contained the following spells:

 Spells                   Type           Power      Damage    Failure   Level
 Summon Guardian Golem    Hex/Summ       11%        N/A       16%         3
 Slow                     Hex            8%         N/A       19%         1
 Confusing Touch          Hex            2%         N/A       50%         3
 Dazzling Flash           Conj/Hex       4%         N/A       50%         3
 Ozocubu's Armour         Ice            2%         N/A       50%         3
 Vampiric Draining        Necr           2%         2d6       50%         3
 Iskenderun's Mystic Bla  Conj/Tloc      2%         2d3       88%         4
 Metabolic Englaciation   Hex/Ice        1%         N/A       99%         5
 Simulacrum               Ice/Necr       1%         N/A       100%        6
 Starburst                Conj/Fire      1%         6d3       100%        6


Dungeon Overview and Level Annotations

Branches:
Dungeon (6/15) Zot: 959
 Temple: D:4-7

Altars:
Fedhas
Gozag
Ru
Vehumet
Wu Jian
The Shining One

Shops:
D:1 *[*(   D:4 (


Innate Abilities, Weirdness & Mutations

You are a tree.
Your roots penetrate the ground, keeping you stationary.
You cannot be teleported.
You are immune to unholy pain and torment.
Your maximum health is greatly increased.
Your equipment is partially melded.
You passively map a small area around you.
You are easily found by Zot.
You glow in the dark.
You regain HP and MP as you explore.
You are agile. (Dex +4, Str/Int -1)
You sometimes lose your temper in combat.
Your muscles are strong. (Str +4, Int/Dex -1)
You occasionally lose the ability to read scrolls when taking damage.


Message History

Unknown command.
Unknown command.
Unknown command.
Unknown command.
Okay, then.
You cannot read scrolls in your current state!
You feel better. The orc warrior misses you. The white imp misses you.
The ball python misses you. The ball python constricts you.
It was a potion of haste.
You feel yourself speed up.
The ball python bites you but does no damage.
The ball python constricts you.
The orc warrior hits you with a +0 battleaxe!
* * * LOW HITPOINT WARNING * * *
The white imp closely misses you.
You cannot read scrolls in your current state!
Okay, then.
Okay, then.
It was a potion of degeneration.
There was something very wrong with that liquid.
You feel weakened.
You feel dopey.
You feel clumsy. The ball python closely misses you.
The ball python constricts you.
The orc warrior hits you with a +0 battleaxe!
* * * LOW HITPOINT WARNING * * *
The white imp gestures at you. The puff of frost hits you. You resist.
* * * LOW HITPOINT WARNING * * *
It was a potion of invisibility.
You become transparent, but the glow from your body prevents you from becoming completely invisible.
The ball python barely misses you. The ball python constricts you.
* * * LOW HITPOINT WARNING * * *
It was a potion of lignification.
You turn into a tree.
Your scarf of resistance melds into your body.
Your +2 hat melds into your body.
Your +1 pair of gloves melds into your body.
Your +0 robe melds into your body.
You feel hot and cold all over.
Your roots penetrate the ground.
The orc warrior hits you but does no damage.
The white imp gestures at you. The puff of frost hits you!
You die...

* .. , ...
...# ...#
#.)# #..# *
#.5## , #o♣##
*.# ##S.##
#.#* *
##...##..# *
* #...†....#
,
#..........##
.S.#####....#
.# #...## , *
#...# #..##


You could see an orc warrior, a white imp (poisoned) and a ball python.

Vanquished Creatures
  A water moccasin (D:5)
  An orc warrior (D:4)
  An ice beast (D:5)
  An ogre (D:5)
  A scorpion (D:5)
  2 hounds
  2 orc wizards (D:4)
  A gnoll (D:4)
  4 adders
  2 dart slugs
  5 orcs
  3 ball pythons
  A bat (D:2)
  5 endoplasms
  4 giant cockroaches
  5 goblins
  8 hobgoblins
  3 jackals
  3 quokkas
  4 frilled lizards
  3 kobolds
  4 rats
64 creatures vanquished.

Vanquished Creatures (collateral kills)
  Edmund (D:4)
  An ogre (D:4)
  A howler monkey (D:5)
  A hound (D:5)
  An iguana (D:5)
  6 gnolls
  4 adders
  3 orcs
  2 ball pythons
  A giant cockroach (D:1)
  2 jackals (D:1)
  A frilled lizard (D:1)
  A rat (D:1)
25 creatures vanquished.

Vanquished Creatures (others)
  5 plants (D:1)
5 creatures vanquished.

Grand Total: 94 creatures vanquished

Notes
Turn   | Place    | Note
-------+----------+-------------------------------------------
     0 | D:1      | Ezendos the Meteoran Summoner began the quest for the Orb.
     0 | D:1      | Reached XP level 1. HP: 14/14 MP: 5/5
    70 | D:1      | Reached XP level 2. HP: 15/22 MP: 3/6
   161 | D:1      | Reached skill level 1 in Fighting
   184 | D:1      | Found Coipruh's Armour Shoppe.
   188 | D:1      | Learned a level 2 spell: Call Imp
   220 | D:1      | Found Kezxij's Weapon Shop.
   229 | D:1      | Found Soilirr's General Store.
   314 | D:1      | Reached XP level 3. HP: 25/28 MP: 8/8
   347 | D:1      | Reached skill level 5 in Summonings
   490 | D:1      | Glimpsed the power of Zot.
   805 | D:1      | Bought a potion of curing for 39 gold pieces
   816 | D:1      | Found Fenyleda's Assorted Antiques.
   818 | D:1      | Reached XP level 4. HP: 36/36 MP: 9/9
   824 | D:1      | Bought a scroll labelled BOYNURCH ETROCS for 17 gold pieces
   824 | D:1      | Bought 2 fuming red potions for 30 gold pieces
   824 | D:1      | Bought a lumpy green potion for 15 gold pieces
   828 | D:1      | Gained mutation: You occasionally lose the ability to read
                  | scrolls when taking damage. [potion of mutation]
   828 | D:1      | Gained mutation: You sometimes lose your temper in combat.
                  | [potion of mutation]
   828 | D:1      | Gained mutation: You are dopey. (Int -2) [potion of
                  | mutation]
   828 | D:1      | Gained mutation: You are agile. (Dex +4, Str/Int -1)
                  | [potion of mutation]
   829 | D:1      | Lost mutation: You are dopey. (Int -2) [potion of mutation]
   829 | D:1      | Lost mutation: You are agile. (Dex +4, Str/Int -1) [potion
                  | of mutation]
   829 | D:1      | Gained mutation: You are agile. (Dex +4, Str/Int -1)
                  | [potion of mutation]
   829 | D:1      | Gained mutation: Your muscles are strong. (Str +4, Int/Dex
                  | -1) [potion of mutation]
   943 | D:2      | Learned a level 3 spell: Call Canine Familiar
  1609 | D:3      | Reached XP level 5. HP: 42/42 MP: 6/10
  1631 | D:3      | Reached skill level 1 in Evocations
  1669 | D:3      | Glimpsed the power of Zot.
  1699 | D:4      | Noticed an ogre
  1718 | D:4      | Killed an ogre
  1719 | D:4      | Reached XP level 6. HP: 51/51 MP: 0/12
  2067 | D:4      | Found a radiant altar of Vehumet.
  2083 | D:4      | Noticed an orc warrior
  2091 | D:4      | Killed an orc warrior
  2092 | D:4      | Reached XP level 7. HP: 58/58 MP: 5/13
  2103 | D:4      | Learned a level 4 spell: Summon Lightning Spire
  2114 | D:4      | Found Vijyiz's Weapon Shoppe.
  2263 | D:4      | Glimpsed the power of Zot.
  2313 | D:3      | Glimpsed the power of Zot.
  2335 | D:4      | Noticed Edmund
  2347 | D:4      | Killed Edmund
  2348 | D:4      | Reached skill level 1 in Air Magic
  2348 | D:4      | Glimpsed the power of Zot.
  2355 | D:4      | Touched by the power of Zot.
  2365 | D:5      | Entered Level 5 of the Dungeon
  2368 | D:5      | Reached XP level 8. HP: 43/46 MP: 15/15
  2474 | D:5      | Reached skill level 6 in Summonings
  2488 | D:5      | Found a sacrificial altar of Ru.
  2498 | D:5      | Reached skill level 5 in Fighting
  2504 | D:5      | Found a blossoming altar of Fedhas.
  2509 | D:5      | Found an ornate altar of the Wu Jian Council.
  2509 | D:5      | Found a glowing golden altar of the Shining One.
  2515 | D:5      | Found an opulent altar of Gozag.
  2546 | D:5      | Became a worshipper of Ru the Awakened
  2781 | D:4      | Killed from afar by a white imp

Illustrated notes

Levels and vault maps discovered:
D:1:      minmay_arrival_stair_chambers, layout_loops_corners, serial_bayou,
          serial_bayou_lake_a, serial_bayou_pond_a, serial_bayou_lagoon_a,
          serial_bayou_ford_a, serial_bayou_pond_c, serial_shops,
          nicolae_shop_bloodbath_and_beyond, shop, shop, nicolae_shop_stone,
          ebering_ecumenical_altar_webs, hangedman_decor_points
D:2:      layout_basic
D:3:      layout_basic, kennysheep_generic_room_16
D:4:      cheibrodos_old_hovel, layout_layer_cave, fiery_altar_vehumet,
          serial_shops, kennysheep_little_box, chequers_serial_rivers_room_b,
          uniq_grinder, uniq_edmund
D:5:      layout_rooms, nicolae_overflow_hallway_of_the_gods,
          kennysheep_generic_room_14
D:6:      layout_basic, minmay_temple_entry_offerings, patterned_corridor

Skill      XL: |  1  2  3  4  5  6  7  8 |
---------------+-------------------------+-----
Fighting       | 1 2 3 4 5 |  5.8
Summonings     | 5 6 |  6.5
Spellcasting   | 3 4 |  4.0
Dodging        | 3 4 |  4.0
Stealth        | 2 3 |  3.0
Evocations     | 1 2 3 4 |  4.0
Air Magic      | 1 3 |  3.0

Action                   |  1- 3 |  4- 6 |  7- 9 || total
-------------------------+-------+-------+-------++-------
Melee: Staff             |    24 |       |       ||    24
       Dagger            |    41 |    75 |    59 ||   175
       Punch             |     1 |       |     1 ||     2
 Cast: Summon Small Mamm |     8 |     2 |     2 ||    12
       Call Imp          |     2 |     9 |     8 ||    19
       Call Canine Famil |       |     7 |     9 ||    16
  Use: Potion            |     1 |     2 |     5 ||     8
       Scroll            |     7 |     3 |       ||    10
 Stab: Distracted        |       |     1 |     1 ||     2
       Sleeping          |       |       |     1 ||     1
Armor: Robe              |    14 |    34 |    18 ||    66
       Skin              |       |       |     1 ||     1
Dodge: Dodged            |    31 |    50 |    56 ||   137
